 Dungeon Crawl Stone Soup version 0.28-a0-1616-g050a50673c (webtiles) character file.

Game seed: 10003929691090114754

25579 grumblor the Cleaver (level 13, -1/68 HPs)
             Began as a Vine Stalker Fighter on Jan 23, 2022.
             Was an Elder of Sif Muna.
             Slain by an orc warlord (7 damage)
             ... on level 1 of the Orcish Mines.
             The game lasted 00:32:35 (12568 turns).

grumblor the Cleaver (Vine Stalker Fighter)        Turns: 12568, Time: 00:32:36

Health: -1/68      AC: 25    Str: 24    XL:     13   Next: 20%
Magic:  0/21       EV: 10    Int:  8    God:    Sif Muna [****..]
Gold:   1535       SH:  7    Dex: 20    Spells: 12/12 levels left

rFire   + + .      SeeInvis .   y - +0 war axe (vamp)
rCold   . . .      Faith    .   c - +1 buckler
rNeg    . . .      Spirit   +   K - +11 chain mail "Magako" {+Inv}
rPois   .          Reflect  .   e - +2 helmet
rElec   .          Harm     .   B - scarf {rC+ rF+}
rCorr   .          Rampage  .   (no gloves)
Will    +....                   (no boots)
Stlth   ..........              (no amulet)
HPRegen 1.01/turn               l - +6 ring of dexterity
MPRegen 0.17/turn               p - ring of fire

@: no status effects
A: fangs 3, regeneration 1, magic shield, antimagic bite, no potion heal 2
a: Renounce Religion, Evoke Invisibility, Channel Magic, Forget Spell, Divine
Exegesis


You were on level 1 of the Orcish Mines.
You worshipped Sif Muna.
Sif Muna was greatly pleased with you.
You visited 3 branches of the dungeon, and saw 12 of its levels.
You also visited: Ossuary, Bailey and Volcano.

You collected 1592 gold pieces.
You spent 57 gold pieces at shops.

Inventory:

Hand Weapons
 a - a +0 war axe of protection
 j - a +1 hand axe of venom
 u - a +1 scimitar of flaming
 y - a +0 vampiric war axe (weapon)
Missiles
 h - 3 poisoned darts (quivered)
 w - 4 silver boomerangs
 G - 16 boomerangs
Armour
 c - a +1 buckler (worn)
 e - a +2 helmet (worn)
 B - a scarf of resistance (worn)
 K - the +11 chain mail "Magako" (worn) {+Inv}
   (You acquired it in a bailey)

   +Inv:      It lets you turn invisible.
Jewellery
 l - a +6 ring of dexterity (left hand)
 m - a ring of ice
 o - a ring of protection from cold
 p - a ring of fire (right hand)
 s - a ring of willpower
 M - a ring of resist corrosion
Wands
 t - a wand of polymorph (10)
 x - a wand of flame (34)
 C - a wand of paralysis (5)
Scrolls
 E - a scroll of summoning
 I - a scroll of magic mapping
Potions
 b - 3 potions of resistance
 d - 3 potions of might
 f - 4 potions of ambrosia
 i - a potion of invisibility
 k - a potion of flight
 n - 8 potions of mutation {unknown}
 q - 3 potions of brilliance {unknown}
 v - 2 potions of attraction {unknown}
 z - 2 potions of haste {unknown}
 A - a potion of curing {unknown}
 D - 2 potions of lignification {unknown}
 F - a potion of berserk rage {unknown}
 H - 3 potions of heal wounds {unknown}
 J - a potion of magic {unknown}


   Skills:
 + Level 7.7 Fighting
 + Level 12.0 Axes
 + Level 8.1 Armour
 - Level 4.0 Dodging
 + Level 6.5 Shields
 * Level 9.7 Invocations
 - Level 4.0 Evocations


You had 12 spell levels left.
You didn't know any spells.
Your spell library contained the following spells:

 Spells                   Type           Power      Damage    Failure   Level
 Beastly Appendage        Tmut           0%         N/A       97%         1
 Summon Small Mammal      Summ           0%         N/A       97%         1
 Ensorcelled Hibernation  Hex/Ice        0%         N/A       99%         2
 Wereblood                Tmut           0%         N/A       99%         2
 Call Canine Familiar     Summ           0%         N/A       100%        3
 Frozen Ramparts          Ice            0%         1d2       100%        3
 Spider Form              Tmut/Pois      0%         N/A       100%        3
 Summon Guardian Golem    Hex/Summ       0%         N/A       100%        3
 Ice Form                 Ice/Tmut       0%         N/A       100%        4
 Iskenderun's Mystic Bla  Conj/Tloc      0%         2d3       100%        4
 Leda's Liquefaction      Hex/Erth       0%         N/A       100%        4
 Summon Ice Beast         Ice/Summ       0%         N/A       100%        4
 Lee's Rapid Deconstruct  Erth           0%         3d5*      100%        5
 Manifold Assault         Tloc           0%         N/A       100%        5
 Summon Forest            Summ/Tloc      0%         N/A       100%        5
 Statue Form              Tmut/Erth      0%         N/A       100%        6


Dungeon Overview and Level Annotations

Branches:
Dungeon (9/15)             Temple (1/1) D:5            Lair (0/6) D:8
    Orc (2/2) D:9         Ossuary (visited)          Bailey (visited)
Volcano (visited)
    Elf: Orc:2

Altars:
Ashenzari
Cheibriados
Dithmenos
Elyvilon
Fedhas
Gozag
Hepliaklqana
Kikubaaqudgha
Makhleb
Nemelex Xobeh
Okawaru
Qazlal
Ru
Sif Muna
Uskayaw
Vehumet
Wu Jian
Xom
Yredelemnul
The Shining One
Lugonu

Shops:
D:6 :*   D:9 *


Innate Abilities, Weirdness & Mutations

You have razor-sharp teeth.
Your natural rate of healing is unusually fast.
When hurt, damage is shared between your health and your magic reserves.
Your bite disrupts and absorbs the magic of your enemies.
Potions cannot restore your health.


Message History

The orc warlord hits you with a +0 broad axe!
You slash the orc warlord! Your bite misses the orc warlord.
The orc warlord is severely wounded.
The orc warlord hits you but does no damage.
You hit the orc warlord.
You feel better.
Your bite misses the orc warlord.
The orc warlord is severely wounded.
You hit the orc warlord but do no damage.
You bite the orc warlord, but do no damage.
The orc warlord is severely wounded.
The orc warlord misses you.
You hit the orc warlord but do no damage.
You bite the orc warlord, but do no damage.
The orc warlord is severely wounded.
You block the orc warlord's attack.
You hit the orc warlord but do no damage.
You bite the orc warlord, but do no damage.
The orc warlord is severely wounded.
The orc warlord hits you with a +0 broad axe.
You barely miss the orc warlord. You bite the orc warlord. You drain its power.
You feel invigorated.
The orc warlord is severely wounded.
The orc warlord hits you with a +0 broad axe.
You hit the orc warlord but do no damage.
You bite the orc warlord, but do no damage.
The orc warlord is severely wounded.
The orc warlord hits you but does no damage.
You completely miss the orc warlord. Your bite misses the orc warlord.
The orc warlord is severely wounded.
The orc warlord hits you with a +0 broad axe!
* * * LOW HITPOINT WARNING * * *
You hit the orc warlord but do no damage.
Your bite misses the orc warlord.
The orc warlord is severely wounded.
The orc warlord hits you with a +0 broad axe!!
* * * LOW HITPOINT WARNING * * *
You hit the orc warlord but do no damage.
Your bite misses the orc warlord.
The orc warlord is severely wounded.
The orc warlord hits you with a +0 broad axe!
You die...

#....<.[...#.## #.#
#.............# #.#
###.#.........## #.#
##...........### #.#
##............## #.#
##.#..#.........## #.#
#...##...........# #.#
##..#....#o[.....## #.#
#........)@[..#...#######.#
##....#..[[[..............#
##.....#..........#########
#.......#........##
##..###.###....####
#...##### ##.### ##....#
### #....## ##...#


You could see an orc warlord.

Vanquished Creatures
  An orc warlord (Bailey)
  A stone giant (Volcano)
  A yaktaur captain (D:9)
  A two-headed ogre (D:9)
  The ghost of DrKleor the Fighter, a novice FoFi of Okawaru (D:9)
  An orc high priest (Orc:2)
  Pikel (D:7)
  11 orc knights
  An orc sorcerer (Orc:2)
  4 centaur zombies
  2 molten gargoyles (Volcano)
  A gargoyle (Volcano)
  Maggie (D:7)
  A komodo dragon (D:8)
  An efreet (Volcano)
  A troll (Orc:1)
  Prince Ribbit (D:8)
  Sigmund (D:3)
  6 yaks (D:9)
  2 fire bats (Volcano)
  Grum (D:8)
  2 wyverns
  A shadow (D:6)
  3 fire elementals (Volcano)
  3 steam dragons
  10 wargs
  An acid dragon (D:6)
  Duvessa (D:4)
  2 water moccasins
  43 orc warriors
  A hornet zombie (D:7)
  3 black bears
  An ice beast (D:8)
  3 necrophages
  2 ogres
  4 wolves
  4 centaurs
  A phantom (D:6)
  A kobold brigand (D:9)
  2 lemures (D:8)
  3 bullfrogs
  A gnoll sergeant (D:6)
  3 wyvern zombies
  A scorpion (D:5)
  Dowan (D:4)
  5 killer bees (D:9)
  6 wights (D:8)
  3 howler monkeys
  8 lava snakes (Volcano)
  A bullfrog zombie (D:6)
  4 hounds
  17 orc priests
  Crazy Yiuf (D:4)
  A centaur skeleton (D:7)
  A jelly (D:6)
  2 bullfrog skeletons (D:5)
  Jessica (D:3)
  A gnoll shaman (D:9)
  3 iguanas
  19 orc wizards
  3 killer bee zombies
  A mummy (Ossuary)
  Robin (D:3)
  5 howler monkey zombies (D:9)
  18 gnolls
  8 adders
  A shadow imp (D:5)
  A white imp (D:6)
  2 worms (D:2)
  3 dart slugs
  86 orcs
  5 spectral bats (Ossuary)
  3 bats (D:2)
  3 endoplasms
  3 giant cockroaches
  12 gnoll zombies (Ossuary)
  22 hobgoblins
  6 jackals
  9 quokkas
  6 ball pythons
  9 bat simulacra (Ossuary)
  2 frilled lizards
  29 goblins
  A goblin simulacrum (Ossuary)
  2 goblin zombies (Ossuary)
  7 hobgoblin zombies (Ossuary)
  16 kobolds
  2 kobold simulacra (Ossuary)
  3 kobold zombies (Ossuary)
  6 orc zombies (Ossuary)
  5 rats
  2 spectral goblins (Ossuary)
  6 spectral kobolds (Ossuary)
  4 spectral rats (Ossuary)
  A toadstool (D:8)
504 creatures vanquished.

Vanquished Creatures (collateral kills)
  An ice beast (D:7)
1 creature vanquished.

Vanquished Creatures (others)
  An orc (Orc:2)
  7 fungi
  41 plants (D:8)
  3 toadstools (D:8)
52 creatures vanquished.

Grand Total: 557 creatures vanquished

Notes
Turn   | Place    | Note
-------+----------+-------------------------------------------
     0 | D:1      | grumblor the Vine Stalker Fighter began the quest for the
                  | Orb.
     0 | D:1      | Reached XP level 1. HP: 11/11 MP: 2/2
    47 | D:1      | Found a faded altar of an unknown god.
   306 | D:1      | Reached XP level 2. HP: 16/16 MP: 3/3
   316 | D:1      | Reached skill level 2 in Axes
   624 | D:1      | Reached XP level 3. HP: 13/19 MP: 4/4
  1177 | D:2      | Gained mutation: Your natural rate of healing is unusually
                  | fast. [Vine Stalker growth]
  1177 | D:2      | Reached XP level 4. HP: 16/24 MP: 5/5
  1202 | D:2      | Reached skill level 1 in Dodging
  1399 | D:2      | Reached skill level 3 in Axes
  1710 | D:3      | Reached XP level 5. HP: 28/28 MP: 6/6
  1795 | D:3      | Noticed Robin
  1798 | D:3      | Noticed Jessica
  1838 | D:3      | Killed Jessica
  1839 | D:3      | Reached XP level 6. HP: 28/32 MP: 5/7
  1842 | D:3      | Killed Robin
  1843 | D:3      | Reached skill level 4 in Axes
  1849 | D:3      | Noticed Sigmund
  1977 | D:3      | Killed Sigmund
  2025 | D:3      | Reached XP level 7. HP: 18/36 MP: 4/8
  2401 | D:4      | Found a white marble altar of Elyvilon.
  2567 | D:4      | Noticed Dowan
  2569 | D:4      | Noticed Duvessa
  2578 | D:4      | Killed Duvessa
  2579 | D:4      | Killed Dowan
  2580 | D:4      | Reached skill level 5 in Axes
  2851 | D:4      | Gained mutation: You have razor-sharp teeth. [Vine Stalker
                  | growth]
  2851 | D:4      | Reached XP level 8. HP: 30/42 MP: 4/9
  2920 | D:4      | Found a runed translucent door.
  2921 | D:4      | Noticed Crazy Yiuf
  3020 | D:4      | Found a sparkling altar of Nemelex Xobeh.
  3226 | D:4      | Killed Crazy Yiuf
  3281 | D:5      | Entered Level 5 of the Dungeon
  3532 | D:5      | Found a radiant altar of Vehumet.
  3876 | D:5      | Found a staircase to the Ecumenical Temple.
  3901 | D:5      | Reached skill level 6 in Axes
  3931 | Temple   | Entered the Ecumenical Temple
  4509 | D:6      | Found an ancient bone altar of Kikubaaqudgha.
  4532 | D:6      | Reached skill level 5 in Armour
  4532 | D:6      | Reached XP level 9. HP: 8/46 MP: 2/10
  4632 | D:6      | Found a snail-covered altar of Cheibriados.
  4665 | D:6      | Reached skill level 7 in Axes
  4713 | D:6      | Reached skill level 1 in Evocations
  4826 | D:6      | Found Lasug's Book Shop.
  4880 | D:6      | Found Rosuuru's Serpentskin Sales.
  5256 | D:7      | Found an opulent altar of Gozag.
  5352 | D:7      | Found a shimmering blue altar of Sif Muna.
  5357 | D:7      | Became a worshipper of Sif Muna the Loreminder
  5392 | D:7      | Found a sand-covered staircase.
  5399 | Ossuary  | Entered an ossuary
  5479 | Ossuary  | Reached * piety under Sif Muna
  5548 | Ossuary  | Reached skill level 1 in Invocations
  5633 | Ossuary  | Reached ** piety under Sif Muna
  5895 | D:7      | Reached XP level 10. HP: 50/51 MP: 11/13
  5986 | D:7      | Found an iron altar of Okawaru.
  6041 | D:7      | Noticed Maggie
  6053 | D:7      | Killed Maggie
  6603 | D:8      | Reached *** piety under Sif Muna
  6789 | D:8      | Reached skill level 5 in Invocations
  6885 | D:8      | Noticed Prince Ribbit
  6889 | D:8      | Killed Prince Ribbit
  6910 | D:8      | Found a staircase to the Lair.
  6912 | D:8      | Noticed Grum
  7142 | D:8      | Reached skill level 5 in Fighting
  7142 | D:8      | Reached skill level 8 in Axes
  7149 | D:8      | Noticed Pikel
  7180 | D:8      | Paralysed by Pikel for 5 turns
  7207 | D:7      | Killed Pikel
  7228 | D:8      | Killed Grum
  7416 | D:8      | Reached skill level 5 in Shields
  7435 | D:8      | Reached XP level 11. HP: 51/56 MP: 17/17
  7606 | D:9      | Found a flagged portal.
  7637 | Bailey   | Entered a bailey
  7672 | Bailey   | Reached **** piety under Sif Muna
  7766 | Bailey   | Noticed an orc knight
  7769 | Bailey   | Noticed an orc knight
  7778 | Bailey   | Killed an orc knight
  7779 | Bailey   | Reached skill level 9 in Axes
  7837 | Bailey   | Killed an orc knight
  8011 | Bailey   | Noticed an orc warlord
  8011 | Bailey   | Noticed an orc knight
  8025 | Bailey   | Killed an orc knight
  8041 | Bailey   | Killed an orc warlord
  8051 | Bailey   | Found the +8 storm bow {elec, penet}
  8086 | Bailey   | Acquired the +11 chain mail "Magako" {+Inv}
  8320 | D:9      | Found a runed translucent gate.
  8320 | D:9      | Found a runed translucent gate.
  8320 | D:9      | Found a runed translucent gate.
  8320 | D:9      | Found an opulent altar of Gozag.
  8329 | D:9      | Reached ***** piety under Sif Muna
  8343 | D:9      | Noticed DrKleor's ghost (novice FoFi)
  8345 | D:9      | Noticed a yaktaur captain
  8346 | D:9      | Found Pyahepn's Assorted Antiques.
  8384 | D:9      | Found a sacrificial altar of Ru.
  8445 | D:9      | Received a gift from Sif Muna
  8503 | D:9      | Got Sif Muna's Papyrus of Icy Translocation {god gift}
  8545 | D:9      | Found a staircase to the Orcish Mines.
  8653 | D:9      | Reached skill level 10 in Axes
  8882 | D:9      | Found a basalt altar of Yredelemnul.
  8936 | D:9      | Noticed a two-headed ogre
  8986 | D:9      | Killed a two-headed ogre
  9169 | D:9      | Found a hide-covered altar of Uskayaw.
  9409 | D:9      | Killed a yaktaur captain
  9410 | D:9      | Reached XP level 12. HP: 62/62 MP: 19/19
  9456 | D:9      | Killed DrKleor's ghost
  9503 | D:9      | Bought a viscous sapphire potion for 27 gold pieces
  9503 | D:9      | Bought a scroll labelled NIPNUU BEIMESY for 30 gold pieces
  9578 | Orc:1    | Entered Level 1 of the Orcish Mines
  9779 | Orc:2    | Entered Level 2 of the Orcish Mines
  9787 | Orc:2    | Paralysed by an orc sorcerer for 5 turns
  9801 | Orc:2    | Noticed a sun demon
  9913 | Orc:1    | Reached skill level 11 in Axes
  9940 | Orc:1    | Found a dark tunnel.
  9985 | Volcano  | Entered a volcano
 10183 | Volcano  | Found a radiant altar of Vehumet.
 10212 | Volcano  | Noticed a stone giant
 10234 | Volcano  | Killed a stone giant
 11225 | Orc:2    | Noticed an orc high priest
 11242 | Orc:2    | HP: 3/63 [barbs]
 11251 | Orc:2    | HP: 1/63 [orc high priest/divine providence (9)]
 11763 | Orc:2    | Killed an orc high priest
 11934 | Orc:2    | Received a gift from Sif Muna
 11978 | Orc:2    | Reached XP level 13. HP: 52/67 MP: 12/21
 12204 | Orc:2    | Reached skill level 12 in Axes
 12314 | Orc:2    | Noticed an orc warlord
 12568 | Orc:1    | Slain by an orc warlord

Illustrated notes

Levels and vault maps discovered:
D:1:      lemuel_arrival_funnel, layout_rooms, shapermc_ecumenical_altar_venn
D:2:      layout_basic, minmay_misc_feat_more_columns, grunt_ministairs_13,
          minmay_tripent
D:3:      layout_basic, kennysheep_cross_room, nrook_loot_triangle,
          hangedman_decor_diamond_cutter, uniq_sigmund, uniq_robin, uniq_jessica
D:4:      layout_rooms, nemelex_diamond_rough_becter,
          mainiacjoe_overflow_six_doors_small, serial_corexii_hall,
          corexii_hall_statues_x, corexii_hall_statues_x, uniq_duvessa,
          uniq_crazy_yiuf_cottage
D:5:      layout_loops_corners, mainiacjoe_overflow_surrounded_room,
          minmay_temple_entry_sparse_star
D:6:      minmay_chambers_of_sixes, layout_loops_ring, lemuel_doored_altar,
          general_overflow_altar, serial_shops, nicolae_shop_window_shopping,
          guppyfry_shop_venom
D:7:      nicolae_cairo_tiling, layout_loops_ring, mainiacjoe_overflow_alcove_1,
          mainiacjoe_overflow_catwalk, lemuel_tele_altar,
          chequers_ossuary_entry_cave, uniq_maggie
D:8:      layout_cave_pools, david_lair_shrubbed, minmay_gold_behind_fungi,
          st_stairs_12, kennysheep_generic_room_5, uniq_grum,
          uniq_prince_ribbit1, uniq_pikel
D:9:      layout_layer_cave, nicolae_ru_path_of_blood,
          eat_drink_and_be_merry_uskayaw, nicolae_yredelemnul_corpse_copse,
          david_orc_4, enter_bailey_5, ebering_ghost_gozag
Temple:   kb_corrupted_temple
Orc:1:    layout_caves, nicolae_volcano_entry_two_sided
Orc:2:    st_orc_town, layout_diamond_mine, mines2_lemuel

Skill      XL: |  1  2  3  4  5  6  7  8  9 10 11 12 13 |
---------------+----------------------------------------+-----
Axes           | 2 3 4 5 6 7 8 10 11 12 | 12.0
Fighting       | 3 4 5 6 7 |  7.7
Dodging        | 1 2 4 |  4.0
Shields        | 3 4 5 6 |  6.5
Armour         | 3 5 6 7 8 |  8.1
Evocations     | 1 4 |  4.0
Invocations    | 3 7 8 9 |  9.7

Action                   |  1- 3 |  4- 6 |  7- 9 | 10-12 | 13-15 || total
-------------------------+-------+-------+-------+-------+-------++-------
Melee: War axe           |    42 |       |   255 |   925 |   217 ||  1439
       Bite              |    19 |    28 |   141 |   353 |    94 ||   635
       Hand axe          |    55 |    99 |   123 |       |       ||   277
       Unarmed           |       |       |     6 |       |       ||     6
Throw: Dart              |       |       |       |    17 |     6 ||    23
       Boomerang         |       |       |       |    39 |       ||    39
Invok: Channel Magic     |       |       |       |     7 |     4 ||    11
Evoke: Wand              |       |       |       |    18 |     1 ||    19
  Use: Scroll            |     2 |     1 |     9 |     6 |       ||    18
       Potion            |       |       |       |     2 |       ||     2
 Stab: Paralysed         |       |       |       |    30 |       ||    30
       Invisible         |       |       |       |     9 |       ||     9
Armor: Scale mail        |    42 |     1 |       |       |       ||    43
       Plate armour      |       |    74 |   192 |   203 |       ||   469
       Skin              |       |       |     4 |       |       ||     4
       Chain mail        |       |       |       |   291 |    81 ||   372
Dodge: Dodged            |    40 |    33 |   141 |   374 |    77 ||   665
Block: Buckler           |    30 |    34 |   117 |   308 |    71 ||   560

Table legend: (Time is in decaauts)
 A = Elapsed time spent in this place.
 B = Non-inter-level travel time spent in this place.
 C = Inter-level travel time spent in this place.
 D = Time resting spent in this place.
 E = Time spent auto-exploring this place.
 F = Levels seen in this place.
 G = Mean time per level.
                   A        B        C        D        E       F      G
               +--------+--------+--------+--------+--------+-----+--------+
         Total |  12722 |  12275 |    447 |   1662 |   6755 |  15 |  848.1 |
       Dungeon |   8706 |   8328 |    378 |    728 |   5399 |   9 |  967.3 |
        Temple |    113 |     93 |     20 |      0 |     79 |   1 |  113.0 |
  Orcish Mines |   2136 |   2088 |     48 |    730 |    547 |   2 | 1068.0 |
       Ossuary |    364 |    364 |      0 |      0 |    153 |   1 |  364.0 |
        Bailey |    547 |    547 |      0 |      0 |    224 |   1 |  547.0 |
       Volcano |    854 |    854 |      0 |    204 |    353 |   1 |  854.0 |
               +--------+--------+--------+--------+--------+-----+--------+

Top non-repeatable levels by time:
     D:9: 1451 daAuts
   Orc:1: 1424 daAuts
     D:7: 1342 daAuts
     D:4: 982 daAuts
     D:1: 939 daAuts
     D:5: 929 daAuts
     D:6: 871 daAuts
 Volcano: 854 daAuts
     D:2: 833 daAuts
     D:8: 774 daAuts
   Orc:2: 711 daAuts
     D:3: 580 daAuts
  Bailey: 547 daAuts
 Ossuary: 364 daAuts
  Temple: 113 daAuts
